 Dungeon Crawl Stone Soup version 0.16.0-8-gd9ae3a8 (webtiles) character file.

378 RobertPalmer the Sneak (level 6, -16/39 HPs)
             Began as an Octopode Hunter on Mar 16, 2015.
             Killed from afar by an orc (43 damage)
             ... with an exploding inner flame
             ... hexed by the player character
             ... on level 4 of the Dungeon.
             The game lasted 00:06:56 (3091 turns).

RobertPalmer the Sneak (Octopode Hunter)            Turns: 3091, Time: 00:06:56

Health: -16/39     AC:  1    Str: 11    XL:     6   Next: 74%
Magic:  6/6        EV: 12    Int: 13    God:
Gold:   140        SH:  0    Dex: 15    Spells: 0 memorised, 5 levels left

rFire  . . .     SeeInvis .     a - +0 hand axe (elec)
rCold  . . .     Clarity  .     (no shield)
rNeg   . . .     SustAb   .     (helmet restricted)
rPois  .         Gourm    .     (no amulet)
rElec  .         Spirit   .     (no ring)
rCorr  .         Warding  .     (no ring)
rMut   .         Stasis   .     (no ring)
MR     .....                    (no ring)
Stlth  +++++.....               (no ring)
                                (no ring)
                                (no ring)
                                (no ring)

@: not resistant to hostile enchantments, quite stealthy
A: almost no armour, amphibious, 8 rings, constrict 8, camouflage 1, gelatinous
body 1
a: no special abilities


You were on level 4 of the Dungeon.
You were not hungry.

You visited 1 branch of the dungeon, and saw 4 of its levels.

You collected 140 gold pieces.

Inventory:

Hand weapons
 a - a +0 hand axe of electrocution (weapon)
   (You took it off an orc on level 3 of the Dungeon)
 b - a +1 hand crossbow
Missiles
 c - 38 bolts
 m - a throwing net (quivered) {=f, !d}
Scrolls
 d - a scroll of random uselessness {unknown}
 e - 3 scrolls of identify
 i - a scroll of teleportation {unknown}
 j - 2 scrolls of amnesia
 l - 3 scrolls of remove curse {unknown}
 n - 2 scrolls of immolation {!r}
Potions
 h - 2 potions of curing {unknown}
 k - a potion of cancellation {unknown}
 o - a potion of agility {unknown}
 q - 2 potions of invisibility {unknown}
 r - a potion of heal wounds {unknown}
Comestibles
 f - 2 bread rations
 g - 3 meat rations
 p - a beef jerky


   Skills:
 - Level 2.0 Fighting
 - Level 6.3 Crossbows
 - Level 2.0 Dodging
 + Level 6.5 Stealth


You had 5 spell levels left.
You didn't know any spells.

Dungeon Overview and Level Annotations

Branches:
Dungeon (4/15)
 Temple: D:4-7

Altars:
Trog


Innate Abilities, Weirdness & Mutations

You cannot wear most types of armour.
You are amphibious.
You can wear up to eight rings at the same time.
You can use your tentacles to constrict many enemies at once.
Your skin changes colour to match your surroundings (Stealth).
Your rubbery body absorbs attacks (AC +1).


Message History

Aim: an orc wizard, wielding a dagger and wearing a robe You shoot a bolt.
The bolt barely misses the orc wizard.
Firing (i - inventory):
c - 29 bolts (quivered)
Press: ? - help, Shift-Dir - straight line, f/p - orc wizard
Aim: an orc wizard, wielding a dagger and wearing a robe You shoot a bolt.
The bolt hits the orc wizard!
The orc wizard is severely wounded.
You hear the crackle of electricity.
a - a +0 hand axe of electrocution (weapon)
The orc wizard barely misses you. The orc hits you with a dagger.
You closely miss the orc wizard. You grab the orc wizard.
The orc wizard is severely wounded.
You hit the orc.
The orc is heavily wounded.
You constrict the orc wizard. The orc wizard closely misses you.
The orc hits you but does no damage.
You hit the orc wizard but do no damage.
There is a sudden explosion of sparks!
You kill the orc wizard!
Your Stealth skill increases to level 6!
You hit the orc.
You kill the orc!
c - 29 bolts (gained 1)
c - 30 bolts (gained 1)
Things that are here:
a club; a hobgoblin corpse
c - 31 bolts (gained 1)
c - 32 bolts (gained 1)
c - 36 bolts (gained 4)
Items here: )) [ †† a dagger; a leather armour; a dagger; an orc corpse; an orc corpse
Things that are here:
a dagger; an orc corpse
c - 37 bolts (gained 1)
Things that are here:
a dagger; a robe; an orc corpse
c - 38 bolts (gained 1)
You start resting.
Eating a chunk of flesh.
This raw flesh tastes terrible.
You continue eating. x2
HP restored.
An orc comes into view. It is wielding a hand axe.
An orc is nearby!
An orc is nearby!
An orc is nearby!
The helpless orc fails to defend itself.
You hit the orc but do no damage. You grab the orc. You squeeze the orc.
The orc is heavily wounded.
You constrict the orc. The orc barely misses you.
The orc hits you with a hand axe.
You hit the orc but do no damage. You squeeze the orc.
You kill the orc!
An orc comes into view. It is wielding a short sword.
Things that are here:
a hand axe; a ring mail There isn't anything to butcher here.
g - 3 meat rations (gained 1)
You see here an amethyst potion.
q - 2 metallic sapphire potions You see here an amethyst potion.
r - an amethyst potion An orc and an orc wizard come into view.
Found a stone staircase leading down.
The orc shouts!
The orc wizard shouts!
The orc shouts!
The orc hits you with a falchion.
You hit the orc but do no damage. Your grab misses the orc.
An orc comes into view. It is wielding a hand axe.
You hit the orc wizard. You grab the orc wizard.
The orc wizard is moderately wounded.
You constrict the orc wizard. The orc wizard barely misses you.
An orc wizard comes into view. It is wielding a dagger.
The orc wizard shouts!
You hit the orc wizard.
The orc wizard is severely wounded.
You constrict the orc wizard.
The orc wizard casts a spell.
The orc wizard flickers and vanishes!
Deactivating autopickup; reactivate with Ctrl-A.
The orc wizard gestures wildly while chanting.
The orc wizard seems to speed up.
You hit the orc wizard!
There is a sudden explosion of sparks!
You kill the orc wizard!
You closely miss the orc. You grab the orc. You constrict the orc.
The orc hits you with a hand axe.
Drink which item? (? for menu, Esc to quit)
Okay, then.
Read which item? (? for menu, Esc to quit)
As you read the scroll labeled NECRAR SMOCO, it crumbles to dust.
It is a scroll of identify.
Identify which item? (\ to view known items) (? for menu, Esc to quit)
j - 2 scrolls of amnesia You constrict the orc.
The orc barely misses you.
Read which item? (? for menu, Esc to quit)
As you read the scroll labeled BYEFIL CHEAPSEOSCH, it crumbles to dust.
The creatures around you are filled with an inner flame!
It was a scroll of immolation.
You constrict the orc.
The orc explodes!
The fiery explosion engulfs you!
Ouch! That really hurt!
You die...

#...).######.####..##
#....)..........)...#
#.#.).######.####.....[..
#..).## #.# ..##.##
####.# #.# .##
#.#######.####!#
#.#............#
#.#.#####.###.%###># #.#
#..@){.....# #.#
#####o.##### #.# .# #.# #
#.#


You could see an orc (inner flame).

Vanquished Creatures
  The ghost of RobertPalmer the Conjurer, an average OpFE of Makhleb (D:4)
  2 orc wizards (D:4)
  6 adders
  2 worms (D:2)
  2 giant geckos
  2 oozes
  8 orcs
  11 hobgoblins
  16 jackals
  7 bats
  A giant gecko skeleton (D:4)
  2 giant newts
  4 goblins
  10 kobolds
  13 rats
87 creatures vanquished.

Notes
Turn   | Place    | Note
--------------------------------------------------------------
     0 | D:1      | RobertPalmer, the Octopode Hunter, began the quest for the Orb.
     0 | D:1      | Reached XP level 1. HP: 14/14 MP: 1/1
   383 | D:1      | Reached XP level 2. HP: 19/19 MP: 2/2
   914 | D:1      | Reached XP level 3. HP: 24/24 MP: 3/3
   998 | D:2      | Reached skill level 5 in Crossbows
  1266 | D:2      | Reached XP level 4. HP: 29/29 MP: 4/4
  1958 | D:3      | Found a bloodstained altar of Trog.
  1992 | D:3      | Reached skill level 6 in Crossbows
  2109 | D:3      | Reached XP level 5. HP: 34/34 MP: 5/5
  2597 | D:4      | Noticed RobertPalmer's ghost (average OpFE)
  2613 | D:4      | HP: 8/34 [RobertPalmer's ghost (2)]
  2614 | D:4      | Killed RobertPalmer's ghost
  2614 | D:4      | Reached skill level 5 in Stealth
  2614 | D:4      | Reached XP level 6. HP: 9/39 MP: 6/6
  2958 | D:4      | Reached skill level 6 in Stealth
  3091 | D:4      | Killed from afar by an orc

Action                   |  1- 3 |  4- 6 || total
-------------------------+-------+-------++-------
Melee: Short sword       |    45 |    14 ||    59
       Hand axe          |       |    58 ||    58
 Fire: Hand crossbow     |    35 |    31 ||    66
Throw: Throwing net      |       |     2 ||     2
  Use: Scroll            |       |     2 ||     2
 Stab: Sleeping          |     5 |     5 ||    10
  Eat: Chunk             |     1 |     6 ||     7

Vault maps used:
D:1:      minmay_arrival_open_corners, minmay_statues_item,
          minmay_misc_feat_chi, hangedman_decor_clover_reticule
D:2:      serial_bayou_pond_c, minmay_hedge_maze
D:3:      lemuel_round_altar, kennysheep_generic_room_8
D:4:      first_bread, uniq_grinder

Table legend:
 A = Turns spent in this place as a percentage of turns spent in the entire game.
 B = Non-inter-level travel turns spent in this place as a percentage of non-inter-level travel turns spent in the entire game.
 C = Inter-level travel turns spent in this place as a percentage of turns spent in this place.
 D = Turns resting spent in this place as a percentage of non-inter-level travel turns spent in this place.
 E = Turns spent auto-exploring this place as a percentage of non-inter-level travel turns spent in this place.
 F = Non-inter-level travel turns spent in this place divided by the number of levels of this place that you've seen.
                   A       B       C       D       E      F
               +-------+-------+-------+-------+-------+----------------------
         Total | 100.0 | 100.0 |   0.3 |   1.8 |   7.6 | 254.5
       Dungeon | 100.0 | 100.0 |   0.3 |   1.8 |   7.6 | 254.5
               +-------+-------+-------+-------+-------+----------------------

Table legend:
 A = Kills in this place as a percentage of kills in entire the game.
 B = Kills by you in this place as a percentage of kills by you in the entire game.
 C = Kills by friends in this place as a percentage of kills by friends in the entire game.
 D = Other kills in this place as a percentage of other kills in the entire game.
 E = Experience gained in this place as a percentage of experience gained in the entire game.
 F = Experience gained in this place divided by the number of levels of this place that you have seen.
                   A       B       C       D       E      F
               +-------+-------+-------+-------+-------+----------------------
         Total | 100.0 | 100.0 |  -nan |  -nan | 100.0 | 135.2
       Dungeon | 100.0 | 100.0 |  -nan |  -nan | 100.0 | 135.2
               +-------+-------+-------+-------+-------+----------------------
